 Dungeon Crawl Stone Soup version 0.23-a0-49-gd9f7a49 (webtiles) character file.

1862 Amnesiac the Zephyrmancer (level 8, -4/52 HPs)
             Began as a Mummy Air Elementalist on Aug 7, 2018.
             Was a Priest of Sif Muna.
             Splashed by an acid dragon's acid (9 damage)
             ... on level 7 of the Dungeon.
             The game lasted 00:10:31 (5443 turns).

Amnesiac the Zephyrmancer (Mummy Air Elementalist)  Turns: 5443, Time: 00:10:33

Health: -4/52      AC:  5    Str: 11    XL:     8   Next: 90%
Magic:  0/20       EV: 11    Int: 17    God:    Sif Muna [***...]
Gold:   281        SH:  0    Dex: 12    Spells: 18/23 levels left

rFire    x . .     SeeInvis .   a - +1 whip (venom)
rCold    + . .     Gourm    .   (no shield)
rNeg     + + +     Faith    .   e - +0 leather armour
rPois    ∞         Spirit   +   c - +1 helmet
rElec    .         Reflect  .   d - scarf {repulsion}
rCorr    .         Harm     .   (no gloves)
MR       +....                  (no boots)
Stlth    +.........             l - amulet of guardian spirit
HPRegen  0.17/turn              (no ring)
MPRegen  0.17/turn              (no ring)

@: divine energy, repel missiles
A: no food or potions, fire vulnerability, cold resistance 1, negative energy
resistance 3, torment resistance, unbreathing
a: Stop Divine Energy, Channel Magic, Renounce Religion


You were on level 7 of the Dungeon.
You worshipped Sif Muna.
Sif Muna was most pleased with you.
You were not hungry.

You visited 2 branches of the dungeon, and saw 8 of its levels.

You collected 281 gold pieces.

Inventory:

Hand Weapons
 a - a +1 whip of venom (weapon)
 b - a +0 dagger of draining
 o - a +0 fustibalus
Armour
 c - a +1 helmet (worn)
 d - a scarf of repulsion (worn)
 e - a +0 leather armour (worn)
 f - a +0 scale mail
Jewellery
 l - an amulet of guardian spirit (around neck)
Wands
 h - a wand of flame (15)
 m - a wand of clouds (5)
Scrolls
 i - 3 scrolls of identify {!r}
 j - a scroll of magic mapping {!r}
 k - a scroll of enchant weapon {!r}
 n - 5 scrolls of remove curse {!r}
 p - 2 scrolls of blinking {!r}
 q - a scroll of fog {!r}
 r - a scroll of enchant armour {!r}
 s - 3 scrolls of amnesia {!r}


   Skills:
 - Level 1.5 Dodging
 - Level 1.5 Stealth
 + Level 8.3 Spellcasting
 - Level 0.7 Conjurations
 * Level 8.4 Air Magic


You had 18 spell levels left.
You knew the following spells:

 Your Spells              Type           Power        Failure   Level  Hunger
a - Airstrike             Air            #####.....   4%          4    N/A
d - Shock                 Conj/Air       ###.         1%          1    N/A

Your spell library contained the following spells:

 Spells                   Type           Power        Failure   Level  Hunger
 Lightning Bolt           Conj/Air       ###.......   50%         5    N/A
 Swiftness                Chrm/Air       ###.....     3%          2    N/A
 Static Discharge         Conj/Air       ###.....     6%          3    N/A

Dungeon Overview and Level Annotations

Branches:
Dungeon (7/15)             Temple (1/1) D:4

Altars:
Ashenzari
Cheibriados
Dithmenos
Elyvilon
Fedhas
Gozag
Hepliaklqana
Kikubaaqudgha
Makhleb
Nemelex Xobeh
Okawaru
Qazlal
Ru
Sif Muna
Trog
Uskayaw
Vehumet
Wu Jian
Xom
Yredelemnul
Zin
The Shining One


Innate Abilities, Weirdness & Mutations

You do not eat or drink.
Your flesh is vulnerable to fire.
You are immune to poison.
Your flesh is cold resistant. (rC+)
You are immune to negative energy. (rN+++)
You are immune to unholy pain and torment.
You can survive without breathing.


Message History

Press: ? - help, Dir - move target cursor, f - orc
Aim: an orc, wielding a hand axe The air twists around and strikes the orc!
You kill the orc!
Sif Muna accepts your kill. Sif Muna grants you divine energy.
You briefly lose access to your magic!
You are unable to access your magic!
You are unable to access your magic!
You are unable to access your magic!
You are unable to access your magic!
You are unable to access your magic!
You regain access to your magic.
Casting: Airstrike (safe; 4% risk of failure)
Confirm with . or Enter, or press ? or * to list all spells.
Aiming: Airstrike (safe; 4% risk of failure)
Press: ? - help, Dir - move target cursor, f - orc
Aim: an orc, wielding a club The air twists around and strikes the orc!
You kill the orc!
Sif Muna accepts your kill. Sif Muna grants you divine energy.
You briefly lose access to your magic!
You are unable to access your magic!
You are unable to access your magic!
You regain access to your magic.
An acid dragon comes into view.
Found a cyan potion.
You see here a scroll of identify {!r}.
An acid dragon is nearby!
An acid dragon is nearby!
An acid dragon is nearby!
Casting: Airstrike (safe; 4% risk of failure)
Confirm with . or Enter, or press ? or * to list all spells.
Aiming: Airstrike (safe; 4% risk of failure)
Press: ? - help, Dir - move target cursor, f - acid dragon
Aim: an acid dragon (hasn't noticed you)
The air twists around and violently strikes the acid dragon!
The acid dragon roars!
The acid dragon is moderately wounded.
Sif Muna grants you divine energy.
You briefly lose access to your magic!
You regain access to your magic.
Casting: Airstrike (safe; 4% risk of failure)
Confirm with . or Enter, or press ? or * to list all spells.
Aiming: Airstrike (safe; 4% risk of failure)
Press: ? - help, Dir - move target cursor, f/p - acid dragon
Aim: an acid dragon (moderately wounded)
You miscast Airstrike.
Sif Muna protects you from the effects of your miscast!
Sif Muna grants you divine energy.
You briefly lose access to your magic!
Unknown command.
The acid dragon spits acid at you. The splash of acid hits you!
You are splashed with acid!
The acid burns!
* * * LOW HITPOINT WARNING * * *
You regain access to your magic.
Found a stone staircase leading down.
Okay, then.
You see here 3 large rocks.
There is a stone staircase leading up here.
The acid dragon spits acid at you. The splash of acid hits you!
* * * LOW HITPOINT WARNING * * *
You are splashed with acid!
The acid burns!
You die...

#........))..######### ###....#
#..####).##..........####...####
#...###.####..........†)....D...
##...##............)..D...######
##.....o###..........#..## .
#......# ##...........## ..
#.#.#o.# #...........## ..
#.#.#......#...(...#..# ...
#.#.......##.@#..........
..##.##....#.###...#...## .#
#.##....#.# ......### ... .....)
.....>## .. .........#.#...
.#............ ........ ..###.
#. ...


You could see an acid dragon.

Vanquished Creatures
  Eustachio (D:6)
  A water moccasin (D:7)
  An orc warrior (D:5)
  A phantom (D:3)
  2 sky beasts
  An ice beast (D:5)
  An ogre (D:6)
  A centaur (D:5)
  A bullfrog (D:6)
  A scorpion (D:2)
  A bullfrog zombie (D:5)
  5 hounds
  3 orc priests
  4 orc wizards
  Natasha (thrice) (D:3)
  2 iguanas (D:5)
  4 worker ants
  A hound skeleton (D:7)
  A howler monkey skeleton (D:4)
  11 adders
  A gnoll (D:1)
  2 shadow imps
  2 oozes
  A worm (D:2)
  A dart slug (D:2)
  4 leopard geckos
  21 orcs
  A ball python (D:5)
  6 giant cockroaches
  7 goblins
  5 hobgoblins
  13 jackals
  3 quokkas
  4 bats
  9 frilled lizards
  A jackal zombie (D:6)
  4 kobolds
  4 rats (D:1)
135 creatures vanquished.

Notes
Turn   | Place    | Note
-------+----------+-------------------------------------------
     0 | D:1      | Amnesiac the Mummy Air Elementalist began the quest for the Orb.
     0 | D:1      | Reached XP level 1. HP: 13/13 MP: 4/4
    64 | D:2      | Found a sparkling altar of Nemelex Xobeh.
   191 | D:4      | Found a staircase to the Ecumenical Temple.
   227 | Temple   | Entered the Ecumenical Temple
   432 | Temple   | Became a worshipper of Sif Muna the Loreminder
   518 | D:2      | Reached XP level 2. HP: 5/19 MP: 5/5
   882 | D:1      | Reached XP level 3. HP: 10/24 MP: 7/7
  1830 | D:2      | Noticed a scorpion
  1836 | D:2      | Killed a scorpion
  1836 | D:2      | Reached XP level 4. HP: 29/30 MP: 9/9
  1994 | D:2      | Learned a level 4 spell: Airstrike
  2314 | D:3      | Reached XP level 5. HP: 32/35 MP: 5/11
  2329 | D:3      | Noticed Natasha
  2343 | D:3      | Killed Natasha
  2349 | D:3      | Noticed Natasha
  2358 | D:3      | Killed Natasha
  2358 | D:3      | Reached * piety under Sif Muna
  2751 | D:3      | Noticed Natasha
  2760 | D:3      | Killed Natasha
  3033 | D:4      | Reached XP level 6. HP: 36/41 MP: 10/13
  3047 | D:4      | Reached skill level 5 in Air Magic
  3264 | D:3      | Reached skill level 5 in Spellcasting
  3600 | D:5      | Entered Level 5 of the Dungeon
  3632 | D:5      | Reached XP level 7. HP: 46/46 MP: 0/15
  3843 | D:5      | Reached ** piety under Sif Muna
  4347 | D:5      | Reached XP level 8. HP: 26/52 MP: 0/18
  4703 | D:6      | Noticed Eustachio
  4711 | D:6      | Killed Eustachio
  4711 | D:6      | Reached *** piety under Sif Muna
  4877 | D:6      | Found a snail-covered altar of Cheibriados.
  5443 | D:7      | Splashed by an acid dragon's acid

Vault maps used:
D:1:      minmay_arrival_open_corners, minmay_tromino_v7
D:2:      nemelex_xobeh_ov_fountains_minmay, minmay_lizard_king
D:3:      uniq_natasha
D:4:      temple_doors_e, first_ration
D:6:      lemuel_statue_altar, uniq_eustachio
Temple:   minmay_crystal_snake_temple

Skill      XL: |  1  2  3  4  5  6  7  8 |
---------------+-------------------------+-----
Air Magic      | 3 4 5 6 8 |  8.4
Spellcasting   | 3 4 5 6 8 |  8.3
Dodging        | |  1.5
Stealth        | |  1.5
Conjurations   | |  0.7

Action                   |  1- 3 |  4- 6 |  7- 9 || total
-------------------------+-------+-------+-------++-------
Melee: Mace              |    96 |   119 |       ||   215
       Unarmed           |     5 |       |       ||     5
       Whip              |       |    37 |    43 ||    80
       Dagger            |       |       |     5 ||     5
 Cast: Airstrike         |       |    20 |    97 ||   117
Invok: Divine Energy     |       |     1 |       ||     1
  Use: Scroll            |     4 |     4 |     3 ||    11
 Stab: Sleeping          |     3 |       |       ||     3
Armor: Robe              |     7 |       |       ||     7
       Chain mail        |    77 |       |       ||    77
       Scale mail        |    10 |   105 |       ||   115
       Leather armour    |       |       |    23 ||    23
Dodge: Dodged            |    55 |   113 |    35 ||   203

Table legend:
 A = Spawn XP
 B = Non-spawn XP
 C = Spawn XP percentage of total XP
 D = Spawn monster count
 E = Non-spawn monster count
 F = Spawn count percentage of total count
 G = Total turns spent on level
                    A         B        C        D         E        F      G
               +---------+---------+-------+---------+---------+-------+---------
         Total |       0 |    2661 |   0.0 |       0 |     135 |   0.0 |  5443
               +---------+---------+-------+---------+---------+-------+---------
           D:1 |       0 |      45 |   0.0 |       0 |      21 |   0.0 |   906
           D:2 |       0 |     127 |   0.0 |       0 |      21 |   0.0 |   892
           D:3 |       0 |     305 |   0.0 |       0 |      21 |   0.0 |   718
           D:4 |       0 |     213 |   0.0 |       0 |      16 |   0.0 |   848
           D:5 |       0 |     622 |   0.0 |       0 |      23 |   0.0 |   743
           D:6 |       0 |     925 |   0.0 |       0 |      21 |   0.0 |   921
           D:7 |       0 |     424 |   0.0 |       0 |      12 |   0.0 |   179
               +---------+---------+-------+---------+---------+-------+---------
